 Dungeon Crawl Stone Soup version 0.14-a0-770-g009d3a2 (webtiles) character file.

79562 Malachi the Unseen (level 15, -25/121 HPs)
             Began as a Naga Enchanter on Nov 9, 2013.
             Was the Champion of Okawaru.
             Annihilated by a very large slime creature (38 damage)
             ... on Level 12 of the Dungeon on Nov 10, 2013.
             The game lasted 01:34:40 (38460 turns).

Malachi the Unseen (Naga Enchanter)                Turns: 38460, Time: 01:34:40

HP -25/121       AC 20     Str 13      XL: 15   Next: 60%
MP  24/26        EV 17     Int 20      God: Okawaru [******]
Gold 1025        SH  0     Dex 11      Spells:  7 memorised,  3 levels left

Res.Fire  : + + .   See Invis. : +   r - +6 dagger (elec)
Res.Cold  : . . .   Warding    : .   U - +2 orc robe {rF+}
Life Prot.: . . .   Conserve   : .   (no shield)
Res.Poison: +       Res.Corr.  : .   p - +1 helmet of Curiosity {+Blink Dam+6}
Res.Elec. : .       Clarity    : .   (no cloak)
Sust.Abil.: . .     Spirit.Shd : .   a - +0 pair of gloves
Res.Mut.  : .       Stasis     : .   V - +4 naga barding {rF+}
Res.Rott. : .       Flight     : .   P - amulet of faith
Saprovore : . . .                    z - ring of wizardry
                                     G - +3 ring of evasion

@: heroism, drained, slow, quite resistant to hostile enchantments, very
stealthy
A: spit poison, constrict 1, see invisible, deformed body, poison resistance,
slowness 2, AC +5
a: Spit Poison, Heroism, Finesse, Renounce Religion, Evoke Blink


You were on level 12 of the Dungeon.
You worshipped Okawaru.
Okawaru was exalted by your worship.
You were not hungry.

You visited 3 branches of the dungeon, and saw 23 of its levels.
You also visited: Ossuary and Volcano.

You collected 1291 gold pieces.
You spent 266 gold pieces at shops.

Inventory:

Hand weapons
 m - the cursed +15,+1 quick blade of Teucixu {pain, +Rage rPois}
   (Okawaru gifted it to you on level 8 of the Lair of Beasts)

   In the hands of one skilled in necromantic magic, it inflicts extra damage on
   living creatures.
   It protects you from poison.
   It lets you go berserk.
   It has a curse placed upon it.
 n - the cursed +6,+4 short sword "Doto" {flame, Int+4}
   (Okawaru gifted it to you on level 5 of the Lair of Beasts)

   It emits flame when wielded, causing extra injury to most foes and up to
   double damage against particularly susceptible opponents.
   Big, fiery blades are also staple armaments of hydra-hunters.
   It affects your intelligence (+4).
   It has a curse placed upon it.
 r - a +6,+6 dagger of electrocution (weapon)
 Q - a +5,+0 dagger of electrocution
Armour
 a - a +0 pair of gloves (worn)
 p - the cursed +1 helmet of Curiosity (worn) {+Blink Dam+6}
   (Okawaru gifted it to you on level 2 of the Lair of Beasts)

   It affects your damage-dealing abilities (+6).
   It lets you blink.
   It has a curse placed upon it.
 H - a +2 robe of fire resistance
 O - a +2 robe of positive energy
 U - a +2 orcish robe of fire resistance (worn)
 V - a +4 naga barding of fire resistance (worn)
Magical devices
 t - a wand of disintegration (20)
 x - a wand of fire (0)
 y - a wand of flame (9)
 C - a wand of digging (6)
 E - a wand of flame (19)
 N - a wand of draining (3)
Comestibles
 f - 15 bread rations
 I - 7 meat rations
Scrolls
 b - a scroll of fear
 c - a scroll of enchant armour
 e - 3 scrolls of teleportation
 i - 3 scrolls of blinking
 j - a scroll of silence
 o - a scroll of magic mapping
 J - a scroll of amnesia
 L - 2 scrolls of remove curse
 S - a scroll of enchant weapon II
 X - 4 scrolls of identify
Jewellery
 v - an uncursed ring of flight
 z - a ring of wizardry (right hand)
 A - an uncursed ring of positive energy
 B - a +4 ring of dexterity
 G - a +3 ring of evasion (left hand)
 P - an amulet of faith (around neck)
Potions
 d - a potion of magic
 k - 6 potions of agility
 l - 4 potions of brilliance
 q - a potion of cure mutation
 s - 2 potions of restore abilities
 u - 2 potions of flight
 w - 4 potions of curing
 D - 4 potions of resistance
 F - 3 potions of speed
 M - a potion of might
Books
 h - a book of Clouds

   Spells                             Type                      Level
   Mephitic Cloud                     Conjuration/Poison/Air       3
   Conjure Flame                      Conjuration/Fire             3
   Poisonous Cloud                    Conjuration/Poison/Air       6
   Freezing Cloud                     Conjuration/Ice/Air          6
   Ring of Flames                     Charms/Fire                  7
Miscellaneous
 g - a sack of spiders


   Skills:
 + Level 6.2(10.0) Fighting
 + Level 8.2(12.0) Short Blades
 + Level 0.8(4.8) Throwing
 + Level 11.5(15.2) Dodging
 + Level 18.1(21.6) Stealth
 - Level 3.0(2.0) Spellcasting
 * Level 12.7(11.5) Hexes
 + Level 4.9(3.9) Charms
 - Level 4.4(3.4) Summonings
 - Level 6.0(5.0) Ice Magic
 + Level 0.6(0.0) Air Magic
 * Level 6.8(5.7) Invocations
 - Level 5.5(4.5) Evocations


You had 3 spell levels left.
You knew the following spells:

 Your Spells              Type           Power        Failure   Level  Hunger
a - Sure Blade            Hex/Chrm       ####......   1%          2    ##.....
b - Ensorcelled Hibernat  Hex/Ice        #####.       1%          2    ##.....
c - Confuse               Hex            #####...     1%          3    ###....
d - Summon Butterflies    Summ           ###.....     1%          1    #......
e - Corona                Hex            #####..      1%          1    #......
f - Swiftness             Chrm/Air       #.........   5%          2    ##.....
g - Invisibility          Hex            #####...     8%          6    #######


Dungeon Overview and Level Annotations

Branches:
Dungeon (14/27)            Temple (1/1) D:7             Orc (0/4) D:10
   Lair (8/8) D:11         Shoals (0/5) Lair:5       Spider (0/5) Lair:6
  Slime (0/6) Lair:8

Altars:
Ashenzari
Cheibriados
Elyvilon
Fedhas
Kikubaaqudgha
Makhleb
Nemelex Xobeh
Okawaru
Sif Muna
Trog
Vehumet
Xom
Yredelemnul
Zin
the Shining One
Jiyva

Shops:
D:4 /}+(   D:7 ?   D:9 (   D:11 *   D:13 (   D:14 (

Portals:
Ziggurat: D:7 (3460 gp)

Annotations:
D:13 exclusion: orange crystal statue


Innate Abilities, Weirdness & Mutations

You cannot wear boots.
You can spit poison.
You can use your snake-like lower body to constrict enemies.
Your serpentine skin is tough (AC +5).
You have supernaturally acute eyesight.
Armour fits poorly on your strangely shaped body.
Your system is resistant to poisons.
You cover ground very slowly.


Message History

You kill the slime creature!
Okawaru accepts your kill.
You puncture the very large slime creature!
The very large slime creature is lightly wounded.
The very large slime creature hits you!
You puncture the very large slime creature!
The very large slime creature is lightly wounded.
You slash the very large slime creature!
The very large slime creature is lightly wounded.
The very large slime creature barely misses you.
You hit the very large slime creature.
The very large slime creature is lightly wounded.
Casting: Swiftness
Confirm with . or Enter, or press ? or * to list all spells.
You feel quick. The very large slime creature hits you!
Ouch! That really hurt!
* * * LOW HITPOINT WARNING * * *
The very large slime creature closely misses you.
The very large slime creature hits you!
You die...

## ##...................≈≈≈≈...#.
####......................≈≈...##
#...#.......................<..##
.......[..................##....#
##.#####.........<..[....####....
#..# ###..............##..# ##.#(
#..###...............###..## #.##
##.#..........>.J......##..###.##
##...........#..@...#............
#....##......#.....###.......##..
##....##..#..#.....# #......[....
##.....####.....#..###...........
#....##.#......##.[.#............
#......≈......##...).............
##..#.....)...###................
##.#....))......................
###................#...........


You could see a very large slime creature.

Vanquished Creatures
  Maud (Lair:5)
  6 dire elephants (Lair:8)
  Josephine (D:13)
  3 hydras
  An anaconda (Lair:8)
  The ghost of Malachi the Nimble, a powerful DrTm of Kikubaaqudgha (Volcano)
  Erica (D:10)
  An ogre mage (D:13)
  8 death yaks
  A vampire mage (D:14)
  A catoblepas (Lair:5)
  2 centaur warriors
  2 unseen horrors
  A flayed ghost (D:14)
  Pikel (D:7)
  2 hill giants
  2 crystal golems (D:13)
  Joseph (D:8)
  2 cyclopes
  3 griffons
  10 elephants
  2 oklob plants (Lair:5)
  5 black mambas
  A queen ant (Lair:1)
  20 spiny frogs
  9 fire drakes
  A troll (D:12)
  8 komodo dragons
  A sphinx simulacrum (D:13)
  5 two-headed ogres
  13 blink frogs
  A hydra skeleton (D:14)
  A snapping turtle (Lair:5)
  2 basilisks
  5 slime creatures
  A wandering mushroom (Lair:5)
  59 yaks
  2 sharks (Lair:5)
  A wyvern (D:14)
  2 wraiths
  2 hill giant skeletons
  11 hippogriffs
  3 hungry ghosts
  2 vampire mosquitoes (D:12)
  20 soldier ants (Lair:1)
  3 wolves (Lair:1)
  5 manticores
  A mottled dragon (Volcano)
  A necrophage (D:14)
  19 porcupines
  4 ice beasts
  2 slaves (D:6)
  A yellow wasp (D:10)
  A sky beast (D:13)
  A giant goldfish (Lair:5)
  3 orc warriors
  2 black bears
  19 crocodiles
  19 centaurs
  11 ogres
  10 giant slugs
  30 giant frogs
  18 water moccasins
  A boring beetle (Lair:8)
  2 big kobolds
  Blork the orc (D:7)
  A manticore zombie (D:14)
  7 agate snails
  A cyclops zombie (D:8)
  A yaktaur skeleton (D:14)
  A gnoll sergeant (D:9)
  A manticore skeleton (D:12)
  A yak zombie (D:10)
  8 wights
  A troll zombie (D:13)
  9 killer bees (D:12)
  A yak skeleton (D:7)
  A hippogriff zombie (D:12)
  2 electric eels (Lair:5)
  A troll skeleton (D:14)
  12 crimson imps
  2 giant frog zombies (D:13)
  11 orc priests
  3 goliath beetles
  2 giant frog skeletons
  A centaur skeleton (D:6)
  A jelly (D:9)
  2 centaur zombies
  A cyclops simulacrum (D:13)
  A quasit (D:10)
  15 hounds
  8 spiders (Lair:6)
  15 iguanas
  7 orc wizards
  3 scorpions
  28 worker ants
  A big kobold zombie (Ossuary)
  A mottled dragon zombie (D:14)
  3 human zombies (Ossuary)
  44 sheep
  An ogre zombie (D:8)
  A mottled dragon skeleton (D:14)
  8 mummies
  A worker ant zombie (D:11)
  14 gnolls
  30 adders
  41 green rats
  A worm zombie (D:5)
  4 giant centipedes
  A giant mite (Lair:5)
  2 inept feature mimics
  4 worms
  An adder skeleton (D:5)
  A giant eyeball (D:9)
  5 giant geckos
  An ooze (D:4)
  29 orcs
  4 ball pythons
  2 giant cockroaches
  19 hobgoblins
  16 jackals
  13 quokkas
  25 bats
  A giant gecko skeleton (D:8)
  A giant gecko zombie (D:6)
  10 giant newts
  A giant spore (D:10)
  23 goblins
  A goblin zombie (Ossuary)
  2 hobgoblin skeletons
  A hobgoblin zombie (D:7)
  22 kobolds
  A kobold zombie (Ossuary)
  An orc zombie (Ossuary)
  A quokka zombie (D:9)
  23 rats
  A rat skeleton (D:5)
  2 rat zombies (D:6)
  2 ballistomycetes (D:10)
  A fungus (Lair:8)
  4 plants
901 creatures vanquished.

Vanquished Creatures (others)
  A hydra skeleton (D:9)
  2 slaves (D:7)
  A mummy (D:7)
  2 orcs (D:5)
  A hobgoblin (D:7)
  A rat (D:7)
  20 fungi
  8 plants (Lair:8)
36 creatures vanquished.

Grand Total: 937 creatures vanquished

Notes
Turn   | Place    | Note
--------------------------------------------------------------
     0 | D:1      | Malachi, the Naga Enchanter, began the quest for the Orb.
     0 | D:1      | Reached XP level 1. HP: 15/15 MP: 3/3
   670 | D:1      | Reached XP level 2. HP: 17/22 MP: 4/4
   680 | D:1      | Learned a level 2 spell: Ensorcelled Hibernation
  1493 | D:2      | Reached XP level 3. HP: 26/28 MP: 5/5
  1854 | D:2      | Reached skill level 4 in Hexes
  2188 | D:2      | Reached XP level 4. HP: 20/36 MP: 7/7
  3620 | D:2      | Identified a +0 rod of striking (7/7) (You found it on level 2 of the Dungeon)
  3754 | D:3      | Reached XP level 5. HP: 42/42 MP: 8/8
  3766 | D:3      | Learned a level 3 spell: Confuse
  4284 | D:3      | Found a sparkling altar of Nemelex Xobeh.
  4329 | D:3      | Reached skill level 1 in Fighting
  4530 | D:4      | Reached XP level 6. HP: 43/49 MP: 9/9
  4547 | D:4      | Found Pheviton's Weapon Shoppe.
  4565 | D:4      | Found Kezerhyv's Book Shop.
  4573 | D:4      | Found Thinkaho's Distillery.
  4588 | D:4      | Found Thoenel's Magical Wand Shop.
  4593 | D:4      | Thinkaho's Distillery was a mimic.
  4868 | D:4      | Found Shuqerch's Gadget Emporium.
  5014 | D:4      | Found a deep blue altar of Sif Muna.
  5014 | D:4      | Noticed an ogre
  5022 | D:4      | Killed an ogre
  5022 | D:4      | Reached skill level 5 in Stealth
  5230 | D:5      | Entered Level 5 of the Dungeon
  5368 | D:5      | Found a sand-covered staircase.
  5377 | Ossuary  | Entered an ossuary
  5635 | Ossuary  | Reached XP level 7. HP: 48/56 MP: 10/10
  6637 | D:5      | Reached skill level 6 in Stealth
  6637 | D:5      | Reached skill level 5 in Hexes
  7077 | D:5      | Found a bloodstained altar of Trog.
  7139 | D:5      | Reached skill level 1 in Ice Magic
  7237 | D:6      | Learned a level 1 spell: Summon Butterflies
  7265 | D:6      | Reached XP level 8. HP: 42/64 MP: 12/12
  7395 | D:6      | Reached skill level 1 in Summonings
  8090 | D:6      | Reached skill level 7 in Stealth
  8228 | D:6      | Reached skill level 5 in Dodging
  8503 | D:6      | Found a bloodstained altar of Trog.
  8858 | D:6      | Reached XP level 9. HP: 70/72 MP: 13/13
  8908 | D:7      | Found a gateway to a ziggurat.
  8912 | D:7      | Noticed Pikel
  8969 | D:6      | Reached skill level 8 in Stealth
  9423 | D:7      | Killed Pikel
  9428 | D:7      | Found Xetom's Magic Scroll Emporium.
  9446 | D:7      | Bought a scroll of blinking for 82 gold pieces
  9446 | D:7      | Bought a scroll of identify for 30 gold pieces
  9446 | D:7      | Bought a scroll of identify for 30 gold pieces
  9446 | D:7      | Bought a scroll of enchant weapon II for 82 gold pieces
 10027 | D:7      | Reached skill level 9 in Stealth
 10627 | D:7      | Noticed Blork the orc
 10634 | D:7      | Killed Blork the orc
 10925 | D:7      | Found a staircase to the Ecumenical Temple.
 11155 | Temple   | Entered the Ecumenical Temple
 11196 | Temple   | Became a worshipper of Warmaster Okawaru
 11319 | D:8      | Reached XP level 10. HP: 79/79 MP: 14/14
 11399 | D:8      | Found a white marble altar of Elyvilon.
 11712 | D:8      | Noticed Joseph
 11735 | D:8      | Killed Joseph
 12937 | D:9      | Noticed a cyclops
 12949 | D:8      | Acquired Okawaru's first power
 13537 | D:9      | Learned a level 2 spell: Sure Blade
 13640 | D:9      | Found a burning altar of Makhleb.
 13691 | D:9      | Found Oxeadas' Antique Weapon Shoppe.
 13761 | D:9      | Reached skill level 10 in Stealth
 14127 | D:9      | Paralysed by a giant eyeball for 2 turns
 14268 | D:9      | Killed a cyclops
 14678 | D:9      | Reached skill level 1 in Charms
 14882 | D:10     | Entered Level 10 of the Dungeon
 14899 | D:10     | Noticed Erica
 14908 | D:10     | Killed Erica
 14908 | D:10     | Reached XP level 11. HP: 37/87 MP: 10/15
 15137 | D:10     | Found a snail-covered altar of Cheibriados.
 15431 | D:10     | Found a staircase to the Orcish Mines.
 15463 | D:10     | Reached skill level 5 in Short Blades
 15708 | D:10     | HP: 3/87 [hill giant skeleton (15)]
 16942 | D:11     | Found a staircase to the Lair.
 16963 | D:11     | Reached skill level 11 in Stealth
 16969 | D:11     | HP: 1/87 [yak (12)]
 17508 | Lair:1   | Entered Level 1 of the Lair of Beasts
 18090 | Lair:1   | Reached skill level 5 in Ice Magic
 18454 | Lair:1   | Reached XP level 12. HP: 72/96 MP: 14/17
 18692 | Lair:1   | Reached skill level 12 in Stealth
 19137 | Lair:1   | Acquired Okawaru's second power
 19794 | Lair:2   | You fall through a shaft!
 20283 | Lair:3   | Received a gift from Okawaru
 20375 | Lair:3   | Reached skill level 1 in Evocations
 21451 | Lair:2   | Reached skill level 13 in Stealth
 21576 | Lair:2   | Received a gift from Okawaru
 21593 | Lair:2   | Got a heavily runed helmet {god gift}
 21596 | Lair:2   | Identified the +1 helmet of Curiosity {+Blink Dam+6} (Okawaru gifted it to you on level 2 of the Lair of Beasts)
 21645 | Lair:2   | Reached skill level 10 in Hexes
 21878 | Lair:2   | Found a dark tunnel.
 21884 | Volcano  | Entered a volcano
 21975 | Volcano  | Noticed Malachi's ghost (powerful DrTm)
 21984 | Volcano  | Killed Malachi's ghost
 22437 | Lair:4   | Learned a level 2 spell: Swiftness
 22444 | Lair:4   | Learned a level 6 spell: Invisibility
 22623 | Lair:4   | Reached XP level 13. HP: 103/103 MP: 21/21
 22626 | Lair:4   | Reached skill level 5 in Fighting
 22638 | Lair:4   | Noticed a seven-headed hydra
 22681 | Lair:4   | Killed a seven-headed hydra
 24130 | Lair:5   | Reached skill level 14 in Stealth
 24302 | Lair:5   | Received a gift from Okawaru
 24305 | Lair:5   | Got a smelly ring mail {god gift}
 24317 | Lair:5   | Reached skill level 10 in Dodging
 24556 | Lair:5   | Identified the -2 ring mail of Gudaun {Str+4 Int+2} (Okawaru gifted it to you on level 5 of the Lair of Beasts)
 24633 | Lair:5   | Noticed Maud
 24778 | Lair:6   | Found a hole to the Spider Nest.
 25142 | Lair:6   | Reached skill level 5 in Evocations
 25286 | Lair:6   | Reached skill level 1 in Invocations
 25830 | Lair:6   | Got an ancient leather armour
 25840 | Lair:6   | Identified the +0 leather armour "Yryrai" {+Blink +Rage SInv} (You found it on level 6 of the Lair of Beasts)
 26289 | Lair:5   | Killed Maud
 26840 | Lair:5   | Reached skill level 15 in Stealth
 27484 | Lair:5   | Found a staircase to the Shoals.
 27726 | Lair:5   | Received a gift from Okawaru
 27729 | Lair:5   | Got a shimmering short sword {god gift}
 27733 | Lair:5   | Identified the +6,+4 short sword "Doto" {flame, Int+4} (Okawaru gifted it to you on level 5 of the Lair of Beasts)
 27733 | Lair:5   | Identified the +6,+4 short sword "Doto" {flame, Int+4} (Okawaru gifted it to you on level 5 of the Lair of Beasts)
 28219 | Lair:7   | Reached XP level 14. HP: 82/112 MP: 13/24
 29151 | Lair:7   | Found a shimmering altar of Xom.
 29370 | Lair:7   | Received a gift from Okawaru
 29833 | Lair:8   | Entered Level 8 of the Lair of Beasts
 29854 | Lair:8   | Reached skill level 16 in Stealth
 29973 | Lair:8   | Found a staircase to the Slime Pits.
 29979 | Lair:8   | Found a viscous altar of Jiyva.
 30157 | Lair:8   | Found a burning altar of Makhleb.
 30356 | Lair:8   | Identified a scroll of acquirement
 31104 | Lair:8   | Reached skill level 17 in Stealth
 31108 | Lair:8   | Received a gift from Okawaru
 31111 | Lair:8   | Got an ichor-stained quick blade {god gift}
 31126 | Lair:8   | Identified the +15,+1 quick blade of Teucixu {pain, +Rage rPois} (Okawaru gifted it to you on level 8 of the Lair of Beasts)
 31126 | Lair:8   | Identified the +15,+1 quick blade of Teucixu {pain, +Rage rPois} (Okawaru gifted it to you on level 8 of the Lair of Beasts)
 31587 | Lair:8   | Reached skill level 5 in Invocations
 31928 | Lair:8   | Identified Sif Muna's Incunabulum of Hexes (You found it on level 8 of the Lair of Beasts)
 32516 | Lair:8   | Received a gift from Okawaru
 32520 | Lair:8   | Reached XP level 15. HP: 77/120 MP: 21/24
 33284 | Lair:2   | Malachi: brb
 33396 | D:11     | Found Xaazid's Assorted Antiques.
 33408 | D:11     | Bought a scroll of identify for 42 gold pieces
 33860 | D:12     | Received a gift from Okawaru
 34125 | D:13     | Noticed Josephine
 34192 | D:13     | Found Sud Etih's Weapon Emporium.
 34809 | D:13     | Killed Josephine
 36367 | D:14     | Found Twatich's Weapon Emporium.
 36388 | D:14     | Reached skill level 18 in Stealth
 38460 | D:12     | Annihilated by a very large slime creature

Action                   |  1- 3 |  4- 6 |  7- 9 | 10-12 | 13-15 || total
-------------------------+-------+-------+-------+-------+-------++-------
Melee: Dagger            |   124 |   229 |   359 |   978 |  1235 ||  2925
       Short sword       |       |       |       |       |    25 ||    25
 Cast: Corona            |     1 |     2 |       |       |       ||     3
       Ensorcelled Hiber |       |     3 |    17 |    58 |    45 ||   123
       Confuse           |       |     1 |     6 |     5 |    12 ||    24
       Sure Blade        |       |       |       |    56 |    27 ||    83
       Swiftness         |       |       |       |     1 |    24 ||    25
       Invisibility      |       |       |       |       |    16 ||    16
Invok: Heroism           |       |       |       |     5 |    17 ||    22
 Abil: Spit Poison       |     8 |     6 |     6 |     2 |     2 ||    24
       Evoke Blink       |       |       |       |     1 |       ||     1
Evoke: Wand              |       |       |     1 |     1 |    14 ||    16
  Use: Scroll            |       |     8 |    16 |    16 |    19 ||    59
       Potion            |       |       |     4 |    10 |    13 ||    27
 Stab: Sleeping          |     7 |    10 |    23 |    72 |   113 ||   225
       Distracted        |       |     1 |     1 |       |     3 ||     5
       Confused          |       |     2 |     1 |       |       ||     3
       Invisible         |       |       |       |       |    37 ||    37
